 Dungeon Crawl Stone Soup version 0.30-a0-1050-g2766ea1e55 (webtiles) character file.

Game seed: 8978166815762283846

4570 protoss039 the Covert (level 10, -1/59 HPs)
             Began as a Vampire Enchanter on Apr 10, 2023.
             Was a Believer of Dithmenos.
             Slain by a killer bee (7 damage)
             ... on level 8 of the Dungeon.
             The game lasted 00:22:22 (8469 turns).

protoss039 the Covert (Vampire Enchanter)           Turns: 8469, Time: 00:22:22

Health: -1/59      AC:  6    Str:  7    XL:     10   Next: 18%
Magic:  12/16      EV: 15    Int: 24    God:    Dithmenos [**....]
Gold:   519        SH:  0    Dex: 19    Spells: 6/17 levels left

rFire   + . .      SeeInvis +    o - +1 short sword (venom)
rCold   + + .      Faith    .    (no shield)
rNeg    + + +      Spirit   .    x - +0 steam dragon scales
rPois   ∞          Reflect  .    (no helmet)
rElec   .          Rampage  .    (no cloak)
rCorr   .                        a - +0 pair of gloves
Will    +....                    (no boots)
Stlth   ++++++++                 u - amulet of magic regeneration
HPRegen 0.00/turn                m - +6 ring of intelligence
MPRegen 0.55/turn                w - ring of protection from fire

@: marked, bloodless, inhibited regen, wreathed by umbra
A: bloodless, fangs 3, see invisible, vampiric 2
a: Bat Form, Revivify, Renounce Religion, Shadow Step


You were on level 8 of the Dungeon.
You worshipped Dithmenos.
Dithmenos was pleased with you.
You visited 2 branches of the dungeon, and saw 10 of its levels.
You also visited: Ossuary.

You collected 684 gold pieces.
You spent 165 gold pieces at shops.

Inventory:

Hand Weapons
 h - a +1 quarterstaff of draining
 o - a +1 short sword of venom (weapon)
 K - a +1 short sword of draining
Missiles
 p - 9 poisoned darts (quivered)
 C - a throwing net
Armour
 a - a +0 pair of gloves (worn)
 x - +0 steam dragon scales (worn)
 F - a +2 leather armour of cold resistance
Jewellery
 f - an amulet of guardian spirit
 l - a ring of protection from cold
 m - a +6 ring of intelligence (left hand)
 u - an amulet of magic regeneration (around neck)
 w - a ring of protection from fire (right hand)
Wands
 y - a wand of polymorph (3)
 z - a wand of iceblast (20)
 B - a wand of flame (36)
 E - a wand of paralysis (6)
Scrolls
 d - a scroll of poison
 g - a scroll of enchant armour
 i - a scroll of identify
 j - 8 scrolls of teleportation
 k - 2 scrolls of fog
 n - a scroll of fear {unknown}
 q - 3 scrolls of blinking {unknown}
 r - a scroll of amnesia {unknown}
Potions
 b - 3 potions of haste
 c - 2 potions of attraction {unknown}
 e - 4 potions of flight
 s - a potion of resistance {unknown}
 t - 3 potions of magic
 v - 3 potions of curing
 A - 2 potions of degeneration {unknown}
 D - 2 potions of lignification {unknown}
 G - a potion of heal wounds {unknown}
 H - a potion of ambrosia {unknown}
 I - a potion of mutation {unknown}
 J - a potion of brilliance {unknown}


   Skills:
 * Level 5.4 Fighting
 + Level 4.0 Short Blades
 - Level 3.0 Throwing
 + Level 2.5 Armour
 + Level 5.2 Dodging
 * Level 10.4 Stealth
 + Level 4.4 Spellcasting
 + Level 2.3 Conjurations
 + Level 7.7 Hexes
 - Level 3.0 Ice Magic
 * Level 3.0 Invocations
 - Level 3.0 Evocations


You had 6 spell levels left.
You knew the following spells:

 Your Spells              Type           Power      Damage    Failure   Level
a - Ensorcelled Hibernat  Hex/Ice        62%        N/A       1%          2
b - Confusing Touch       Hex            42%        N/A       1%          3
c - Tukima's Dance        Hex            42%        N/A       1%          3
d - Dazzling Flash        Conj/Hex       58%        N/A       3%          3

Your spell library contained the following spells:

 Spells                   Type           Power      Damage    Failure   Level
 Freeze                   Ice            76%        1d8       2%          1
 Frozen Ramparts          Ice            38%        1d6       9%          3
 Ozocubu's Armour         Ice            19%        N/A       9%          3
 Sting                    Tmut/Pois      20%        1d4       10%         1
 Hailstorm                Conj/Ice       18%        3d6       10%         3
 Blink                    Tloc           10%        N/A       14%         2
 Cigotuvi's Dreadful Rot  Necr/Pois/Air  10%        N/A       14%         2
 Poisonous Vapours        Pois/Air       10%        N/A       14%         2
 Ignite Poison            Fire/Tmut/Pois 5%         N/A       28%         3
 Animate Armour           Summ/Erth      10%        N/A       67%         4
 Manifold Assault         Tloc           5%         N/A       67%         4
 Olgreb's Toxic Radiance  Pois           5%         N/A       67%         4
 Freezing Cloud           Conj/Ice/Air   6%         6-21      77%         5
 Blade Hands              Tmut           2%         N/A       95%         5
 Iron Shot                Conj/Erth      5%         9d2       100%        6
 Ozocubu's Refrigeration  Ice            9%         4d9       100%        7
 Storm Form               Tmut/Air       2%         N/A       100%        7
 Chain Lightning          Conj/Air       5%         3d6       100%        9
 Fire Storm               Conj/Fire      5%         8d1       100%        9
 Shatter                  Erth           2%         3d6*      100%        9


Dungeon Overview and Level Annotations

Branches:
Dungeon (9/15) Zot: 26668  Temple (1/1) D:7 Zot: 5815    Lair (0/5) D:9
Ossuary (visited)
    Orc: D:9-12

Altars:
Ashenzari
Cheibriados
Dithmenos
Fedhas
Gozag
Hepliaklqana
Kikubaaqudgha
Makhleb
Nemelex Xobeh
Okawaru
Qazlal
Ru
Sif Muna
Trog
Uskayaw
Vehumet
Wu Jian
Xom
Yredelemnul

Shops:
D:6 *

Annotations:
D:9 Amaemon, Harold


Innate Abilities, Weirdness & Mutations

You do not regenerate when monsters are visible.
You are frail without blood (-20% HP).
You can heal yourself when you bite living creatures.
You are immune to poison.
You have razor-sharp teeth.
You have supernaturally acute eyesight. (SInv)
You are afflicted with vampirism and can become a bat while bloodless.


Message History

* * * LOW HITPOINT WARNING * * *
The killer bee closely misses you.
Unknown command.
Casting: Ensorcelled Hibernation (safe; 1% risk of failure)
Confirm with . or Enter, or press ? or * to list all spells.
Aiming: Ensorcelled Hibernation (safe; 1% risk of failure)
Press: ? - help, Shift-Dir - straight line, f/p - killer bee
Aim: a killer bee (umbra, chance to affect: 69%)
The killer bee looks drowsy...
The killer bee stings you but does no damage.
The killer bee completely misses you. The killer bee misses you.
The killer bee closely misses you.
The helpless killer bee fails to defend itself.
You spit the killer bee like a pig!!!
You kill the killer bee!
Dithmenos accepts your kill. The killer bee stings you.
* * * LOW HITPOINT WARNING * * *
The killer bee completely misses you. The killer bee misses you. x2
Unknown command.
You feel better. The killer bee stings you.
* * * LOW HITPOINT WARNING * * *
The killer bee stings you but does no damage.
The killer bee misses you. x2
Unknown command.
You feel better. The killer bee closely misses you. x2
A white imp comes into view.
The killer bee stings you.
* * * LOW HITPOINT WARNING * * *
The killer bee misses you.
Unknown command.
Casting: Ensorcelled Hibernation (safe; 1% risk of failure)
Confirm with . or Enter, or press ? or * to list all spells.
Aiming: Ensorcelled Hibernation (safe; 1% risk of failure)
Press: ? - help, Shift-Dir - straight line, f - killer bee
Aim: a killer bee (umbra, chance to affect: 69%)
The killer bee looks drowsy...
The killer bee stings you.
* * * LOW HITPOINT WARNING * * *
The killer bee stings you!
You die...

.♣###...##..............########.
...###.....###..........# ##
#....#..#### ##......##.###
.......P..# ##..........##
♣♣.......♣### ##.#..P..P...#
...♣........# #..#.P.....P.#
⌠.......♣.#.###.##...P.....#
⌠..♣..#####.#.5yy#.........#
#######.###...#.@#.PP......#
#.....####.#.........# ##...##
###.........# #....# ##.......##
#....## ######..# #.....####
###.# ##.......#######...#
#...............###
#.)...#..########


You could see 2 killer bees and a white imp.

Vanquished Creatures
  A two-headed ogre (D:8)
  Pikel (D:7)
  Psyche (D:8)
  Grinder (D:6)
  2 steam dragons
  A water moccasin (D:9)
  An orc warrior (D:6)
  2 ice beasts
  3 centaurs
  3 phantoms (D:5)
  A kobold brigand (D:8)
  2 scorpions (D:6)
  5 bullfrogs
  6 wights
  3 killer bees
  2 hounds
  A quasit (D:8)
  2 jellies
  3 orc priests
  2 gnoll boudas (D:8)
  5 iguanas
  An orc wizard (D:6)
  8 mummies (Ossuary)
  7 gnolls
  6 adders
  3 shadow imps (D:8)
  3 white imps
  6 ufetubi
  4 worms
  5 dart slugs
  14 orcs
  8 endoplasms
  5 giant cockroaches
  4 goblins
  6 hobgoblins
  14 jackals
  15 kobolds
  5 quokkas
  5 ball pythons
  3 bats
  3 frilled lizards (D:2)
  2 hobgoblin zombies (Ossuary)
  5 kobold zombies (Ossuary)
  An orc zombie (Ossuary)
  3 rats
184 creatures vanquished.

Vanquished Creatures (collateral kills)
  2 wights
2 creatures vanquished.

Vanquished Creatures (others)
  6 demonic plants (D:8)
  16 plants
22 creatures vanquished.

Grand Total: 208 creatures vanquished

Notes
Turn   | Place    | Note
-------+----------+-------------------------------------------
     0 | D:1      | protoss039 the Vampire Enchanter began the quest for the
                  | Orb.
     0 | D:1      | Reached XP level 1. HP: 13/13 MP: 3/3
   279 | D:1      | Reached XP level 2. HP: 19/19 MP: 5/5
   284 | D:1      | Learned a level 2 spell: Ensorcelled Hibernation
   673 | D:1      | Gained mutation: You are afflicted with vampirism and can
                  | become a bat while bloodless. [Vampire growth]
   673 | D:1      | Reached XP level 3. HP: 23/25 MP: 6/6
  1153 | D:1      | Learned a level 3 spell: Confusing Touch
  1287 | D:2      | Found a faded altar of an unknown god.
  1294 | D:2      | Reached skill level 5 in Stealth
  1415 | D:2      | Found an iron altar of Okawaru.
  1446 | D:2      | Reached skill level 1 in Fighting
  1531 | D:2      | Reached XP level 4. HP: 25/25 MP: 7/7
  2100 | D:3      | Reached skill level 1 in Ice Magic
  2400 | D:4      | Reached skill level 5 in Hexes
  2400 | D:4      | Reached XP level 5. HP: 29/29 MP: 8/8
  2857 | D:4      | Found an iron altar of Okawaru.
  2857 | D:4      | Found a blossoming altar of Fedhas.
  2859 | D:4      | Found a shimmering blue altar of Sif Muna.
  2859 | D:4      | Found a radiant altar of Vehumet.
  3290 | D:4      | Reached skill level 6 in Stealth
  3333 | D:4      | Learned a level 3 spell: Tukima's Dance
  3334 | D:5      | Entered Level 5 of the Dungeon
  3396 | D:5      | Found a broken altar of Ashenzari.
  3488 | D:5      | Noticed a phantom
  3552 | D:5      | Noticed a phantom
  3553 | D:5      | Noticed a phantom
  3584 | D:5      | Killed a phantom
  3585 | D:5      | Reached XP level 6. HP: 23/35 MP: 10/10
  3803 | D:5      | Reached XP level 7. HP: 30/40 MP: 11/11
  4169 | D:6      | Learned a level 3 spell: Dazzling Flash
  4229 | D:6      | Noticed Grinder
  4633 | D:6      | Killed Grinder
  4634 | D:6      | Reached skill level 7 in Stealth
  4641 | D:6      | Reached skill level 1 in Throwing
  4641 | D:6      | Reached skill level 1 in Evocations
  4703 | D:6      | Found Weoph's Assorted Antiques.
  4712 | D:6      | Bought a red potion for 26 gold pieces
  4712 | D:6      | Bought a cyan potion for 26 gold pieces
  4712 | D:6      | Bought a brown potion for 26 gold pieces
  4712 | D:6      | Bought a scroll of teleportation for 87 gold pieces
  4744 | D:6      | Found a sand-covered staircase.
  4764 | D:6      | Reached XP level 8. HP: 27/46 MP: 7/12
  4781 | Ossuary  | Entered an ossuary
  4885 | Ossuary  | Reached skill level 1 in Armour
  4886 | Ossuary  | HP: 2/46 [mummy (10)]
  5896 | D:7      | Reached skill level 8 in Stealth
  6012 | D:7      | Reached skill level 1 in Conjurations
  6252 | D:7      | Found a staircase to the Ecumenical Temple.
  6252 | D:7      | Noticed Pikel
  6265 | D:7      | Killed Pikel
  6266 | D:7      | Reached XP level 9. HP: 39/52 MP: 14/14
  6279 | Temple   | Entered the Ecumenical Temple
  6445 | Temple   | Became a worshipper of Dithmenos the Shadowed
  6625 | D:8      | Reached skill level 9 in Stealth
  6992 | D:8      | Reached skill level 1 in Invocations
  7092 | D:8      | Reached * piety under Dithmenos
  7327 | D:8      | Found a hazy altar of Hepliaklqana.
  7332 | D:8      | Noticed a two-headed ogre
  7612 | D:8      | Noticed Psyche
  7617 | D:8      | Killed Psyche
  7618 | D:8      | Reached skill level 5 in Fighting
  7853 | D:8      | Killed a two-headed ogre
  7854 | D:8      | Reached skill level 5 in Dodging
  7854 | D:8      | Reached skill level 10 in Stealth
  8035 | D:8      | Reached XP level 10. HP: 59/59 MP: 13/16
  8283 | D:9      | Found a staircase to the Lair.
  8321 | D:9      | Noticed Harold
  8327 | D:9      | Noticed Amaemon
  8392 | D:9      | Reached ** piety under Dithmenos
  8469 | D:8      | Slain by a killer bee

Illustrated notes

Levels and vault maps discovered:
D:1:      denvon_arrival_planthouse, layout_loops_corners
D:2:      wad_crossroads, layout_rooms, basic_altar, basic_ecumenical_altar
D:3:      layout_rooms, kennysheep_generic_room_11
D:4:      layout_basic, mainiacjoe_overflow_alcove_3, serial_co_window_serial,
          co_window_paths_b, co_window_corner_a, co_window_of_opportunity_a,
          co_window_paths_b, co_window_paths_a, co_window_2corner,
          co_window_cross_2, co_window_broadway_c, co_window_of_opportunity_b,
          co_window_corner_b, co_window_broadway_b, co_window_broadway_a,
          glass_columns_a, glass_columns_b, glass_columns_a,
          chequers_serial_rivers_marsh, serial_bayou_pond_d, st_stairs_13,
          corexii_corridor_pit
D:5:      layout_cave_pools, lemuel_doored_altar, roderic_serpentine_path,
          nicolae_figureground_sparkle
D:6:      layout_basic, serial_shops, nicolae_lakefront_shop,
          nicolae_ossuary_entry_ruins, uniq_grinder
D:7:      layout_basic, minmay_temple_entry_offerings, grunt_ministairs_9,
          uniq_pikel
D:8:      layout_layer_cave, overflow_temple_1_default, serial_demonic,
          serial_demonic_f, serial_demonic_f, serial_demonic_c,
          serial_demonic_a, serial_demonic_c, serial_demonic_e,
          corexii_leaking_fountain, grunt_decor_arrowhead,
          nicolae_grassy_gnolls, uniq_psyche
D:9:      layout_cross, lair_entry_dummy, uniq_amaemon, uniq_harold,
          uniq_maurice
Temple:   compressed_dpeg_triangle_lava_temple

Skill      XL: |  1  2  3  4  5  6  7  8  9 10 |
---------------+-------------------------------+-----
Stealth        | 5 6 7 8 10 | 10.4
Fighting       | 1 2 3 4 5 |  5.4
Ice Magic      | 1 2 3 |  3.0
Short Blades   | 2 3 4 |  4.0
Hexes          | 5 6 7 |  7.7
Dodging        | 3 4 5 |  5.2
Spellcasting   | 3 4 |  4.4
Throwing       | 1 2 3 |  3.0
Evocations     | 1 2 3 |  3.0
Armour         | 1 2 |  2.5
Conjurations   | 1 2 |  2.3
Invocations    | 2 3 |  3.0

Action                     |  1- 3 |  4- 6 |  7- 9 | 10-12 || total
---------------------------+-------+-------+-------+-------++-------
  Melee: Dagger            |    66 |       |       |       ||    66
         Bite              |    10 |     8 |    38 |     7 ||    63
         Quarterstaff      |    10 |     2 |    30 |       ||    42
         Punch             |     3 |       |     6 |       ||     9
         Short sword       |    42 |   123 |   204 |    35 ||   404
   Cast: Ensorcelled Hiber |    13 |    22 |    39 |     6 ||    80
         Confusing Touch   |       |     4 |    23 |     4 ||    31
         Tukima's Dance    |       |       |     3 |     2 ||     5
         Dazzling Flash    |       |       |       |     2 ||     2
Ability: Exsanguinate      |     1 |       |       |       ||     1
  Evoke: Wand              |       |       |    14 |       ||    14
    Use: Potion            |     1 |       |     2 |     3 ||     6
         Scroll            |       |     6 |     4 |     1 ||    11
   Stab: Invisible         |     3 |       |       |       ||     3
         Sleeping          |    16 |    31 |    33 |     7 ||    87
         Distracted        |     1 |       |       |       ||     1
         Confused          |       |       |    11 |     4 ||    15
         Paralysed         |       |       |     1 |       ||     1
 Armour: Robe              |    18 |    20 |       |       ||    38
         Leather armour    |       |       |    27 |       ||    27
         Steam dragon scal |       |       |    48 |    18 ||    66
  Dodge: Dodged            |    66 |    67 |   200 |    92 ||   425

Table legend: (Time is in decaauts)
 A = Elapsed time spent in this place.
 B = Non-inter-level travel time spent in this place.
 C = Inter-level travel time spent in this place.
 D = Time resting spent in this place.
 E = Time spent auto-exploring this place.
 F = Levels seen in this place.
 G = Mean time per level.
                   A        B        C        D        E       F      G
               +--------+--------+--------+--------+--------+-----+--------+
         Total |   8396 |   8173 |    223 |    534 |   5815 |  11 |  763.3 |
       Dungeon |   7699 |   7515 |    184 |    296 |   5583 |   9 |  855.4 |
        Temple |    184 |    145 |     39 |      0 |    136 |   1 |  184.0 |
       Ossuary |    512 |    512 |      0 |    238 |     96 |   1 |  512.0 |
               +--------+--------+--------+--------+--------+-----+--------+

Top non-repeatable levels by time:
     D:8: 1481 daAuts
     D:1: 1150 daAuts
     D:6: 1067 daAuts
     D:4: 1000 daAuts
     D:5: 776 daAuts
     D:7: 733 daAuts
     D:2: 699 daAuts
 Ossuary: 512 daAuts
     D:3: 471 daAuts
     D:9: 320 daAuts
  Temple: 184 daAuts
